 Crawl Stoat Soup version 0.23-ish-327-104-g30f0781d17 (console) character file.

1164 hilarita the Chiller (level 8, -1/78 HPs)
             Began as a Faerie Dragon Ice Elementalist on Apr 19, 2024.
             Was an Initiate of Sif Muna.
             Slain by a leopard gecko (3 damage)
             ... on level 5 of the Dungeon.
             The game lasted 00:17:38 (5676 turns).

hilarita the Chiller (FDIE)                         Turns: 5676, Time: 00:17:38

Health: -1/78      AC: 24    Str:  6    XL:     8   Next: 40%
Magic:  15/15      EV:  3    Int: 22    God:    Sif Muna [......]
Gold:   52         SH:  0    Dex: 12    Spells: 2/16 levels left

rFire    . . .     SeeInvis .   g - +0 whip
rCold    . . .     Gourm    .   (shield restricted)
rNeg     + + +     Faith    .   (armour unavailable)
rPois    +         Spirit   .   (helmet currently unavailable)
rElec    .         Warding  .   (cloak currently unavailable)
rCorr    .         Reflect  .   (gloves currently unavailable)
MR       .....     Harm     .   (boots currently unavailable) Stlth ++........NoTele +
                                o - amulet of magic regeneration
HPRegen  0.23/turn              (no ring)
MPRegen  0.39/turn              (no ring)

@: tree-form
A: small, sparkly, unfitting armour
a: Renounce Religion


You were on level 5 of the Dungeon.
You worshipped Sif Muna.
Sif Muna was noncommittal.
You were hungry.
You were a tree.
You visited 2 branches of the dungeon, and saw 7 of its levels.

You collected 194 gold pieces.
You spent 142 gold pieces at shops.

Inventory:

Hand Weapons
 f - a +0 dagger
 g - a +0 whip (weapon)
Missiles
 c - 55 poisoned darts (quivered)
 d - 142 stones
 h - 33 arrows
Armour
 u - a +0 cloak (melded)
Jewellery
 o - an amulet of magic regeneration (around neck)
Wands
 y - a wand of flame (22 charges)
 A - a wand of iceblast (8 charges)
Scrolls
 k - 2 scrolls of magic mapping
 l - 3 scrolls of remove curse
 n - 2 scrolls of immolation
 s - a scroll of fog
 t - a scroll of enchant armour
 w - a scroll of teleportation
 z - a scroll of blinking
Potions
 a - a potion of lignification
 e - a potion of might
 i - a potion of mutation {unknown}
 m - 2 potions of magic
 p - a potion of curing {unknown}
 q - a potion of brilliance {unknown}
 v - 2 potions of agility {unknown}
 x - 2 potions of flight {unknown}
Comestibles
 b - 3 bread rations
 j - 2 meat rations


   Skills:
 + Level 3.2 Fighting
 - Level 2.1 Dodging
 - Level 1.2 Stealth
 + Level 4.7 Spellcasting
 + Level 4.3 Conjurations
 + Level 3.1 Charms
 + Level 2.8 Summonings
 * Level 7.4 Ice Magic
 + Level 0.7 Invocations


You had 2 spell levels left.
You knew the following spells:

 Your Spells              Type           Power        Failure   Level  Hunger
a - Freeze                Ice            25/25        1%          1    None
b - Throw Frost           Conj/Ice       31/50        1%          2    None
c - Ozocubu's Armour      Chrm/Ice       28/100       3%          3    ##.....
d - Summon Ice Beast      Ice/Summ       27/100       12%         4    ####...
e - Throw Icicle          Conj/Ice       31/100       9%          4    ####...

Your spell library contained the following spells:

 Spells                   Type           Power        Failure   Level  Hunger


Dungeon Overview and Level Annotations

Branches:
Dungeon (6/15)             Temple (1/1) D:5

Altars:
Ashenzari
Cheibriados
Dithmenos
Elyvilon
Fedhas
Hepliaklqana Ihp'ix
Kikubaaqudgha
Makhleb
Nemelex Xobeh
Okawaru
Ru
Sif Muna
Trog
Uskayaw
Wu Jian
Xom
Zin
The Shining One

Shops:
D:5 *


Innate Abilities, Weirdness & Mutations

Your sparkly wings attract attention (Stealth-).
You are small and have problems with some larger weapons.
You cannot fit into any form of body armour.
((Your spells do not cause hunger; their MP costs are reduced by 1.))
((Your shimmering scales repel attacks (AC +6, SH +6).))
((You can fly continuously.))


Message History

The puff of frost hits you!
* * * LOW HITPOINT WARNING * * *
Your ice beast hits the bullfrog skeleton.
Your ice beast freezes the bullfrog skeleton.
The bullfrog skeleton resists.
The leopard gecko misses you. The orc barely misses you.
You block something's attack. You block the white imp's attack.
Your ice beast hits the bullfrog skeleton.
Your ice beast freezes the bullfrog skeleton.
The bullfrog skeleton resists.
You fly upwards.
Reactivating autopickup.
There is a stone staircase leading down here.
You turn into a tree.
Your +0 cloak melds into your body.
Your roots penetrate the ground.
The leopard gecko bites you.
* * * LOW HITPOINT WARNING * * *
Something hits you but does no damage.
Deactivating autopickup; reactivate with Ctrl-A.
The orc hits you but does no damage. The leopard gecko bites you.
You die...

#.#.# #......................#
#.#.# #..........###########.#
#.#.# #..........# #.# #.#.#
#..........# #.# #.#.#
#..........###########.# #.#.#
#∩...................#.# #.#.#
##########...........#)# #.#.#
#...........#.# #.#.######
#...........#.#
..#.##...########...........#.#
.....'...'....5l♣o........###.#
.....#...################.# #.#
#.#..##### #.......?..# #.#
#.#..# ######.######...###.###
#.#..# #......###.......#.....
#.#..# #....##...##.....#..###
.....# #...#..###..#.......###
#.#..# #..#..#...#..#.........
#.##.# #..#.#.###.#.#..#......
#.##+######.#.#.#...#.#.#.#..####
#...........#.#.#.>.#.#.#........


You could see a white imp, an orc and a leopard gecko.

Vanquished Creatures
  An ice beast (D:5)
  2 ogres (D:5)
  A scorpion (D:5)
  A centaur zombie (D:5)
  A quasit (D:5)
  3 hounds (D:5)
  5 orc priests
  A jelly (D:3)
  Jessica (D:2)
  A centaur skeleton (D:5)
  3 orc wizards
  A hound zombie (D:5)
  Robin (D:4)
  A howler monkey skeleton (D:5)
  6 adders
  An ooze (D:3)
  An adder zombie (D:5)
  5 worms
  3 dart slugs
  2 leopard geckos
  17 orcs
  6 bats
  5 giant cockroaches
  13 goblins
  10 hobgoblins
  6 jackals
  7 kobolds
  6 weasels
  A ball python (D:3)
  2 frilled lizards
  10 rats
124 creatures vanquished.

Vanquished Creatures (collateral kills)
  Grinder (D:5)
  An orc wizard (D:6)
  An orc (D:5)
3 creatures vanquished.

Grand Total: 127 creatures vanquished

Notes
Turn   | Place    | Note
-------+----------+-------------------------------------------
     0 | D:1      | hilarita the Faerie Dragon Ice Elementalist began the quest
                  | for the Orb.
     0 | D:1      | Reached XP level 1. HP: 11/11 MP: 3/3
   204 | D:1      | Reached XP level 2. HP: 16/18 MP: 5/5
   211 | D:1      | Learned a level 2 spell: Throw Frost
   265 | D:1      | Reached skill level 4 in Ice Magic
   581 | D:1      | Noticed hilarita's ghost (weakling OgGl)
   584 | D:1      | Witnessed revenge of hilarita's ghost on a goblin.
  1057 | D:1      | Reached XP level 3. HP: 22/22 MP: 7/7
  1063 | D:2      | Reached skill level 1 in Fighting
  1068 | D:2      | Learned a level 3 spell: Ozocubu's Armour
  1194 | D:2      | Found a shadowy altar of Dithmenos.
  1372 | D:2      | Found a bloodstained altar of Trog.
  1373 | D:2      | Noticed Jessica
  1377 | D:2      | Killed Jessica
  1377 | D:2      | Reached XP level 4. HP: 28/28 MP: 5/8
  1461 | D:2      | Reached skill level 1 in Charms
  1699 | D:2      | Found an ornate altar of the Wu Jian Council.
  1699 | D:2      | Found a blossoming altar of Fedhas.
  1700 | D:2      | Found a glowing golden altar of the Shining One.
  2063 | D:3      | Reached skill level 5 in Ice Magic
  2063 | D:3      | Reached XP level 5. HP: 33/33 MP: 4/9
  2069 | D:3      | Learned a level 4 spell: Summon Ice Beast
  2218 | D:3      | Noticed a hand axe
  2222 | D:3      | Found a hide-covered altar of Uskayaw.
  2223 | D:3      | Noticed a hand axe
  2421 | D:3      | Found a snail-covered altar of Cheibriados.
  2496 | D:3      | Reached XP level 6. HP: 35/39 MP: 7/11
  2968 | D:4      | Reached skill level 1 in Summonings
  2997 | D:4      | Noticed Robin
  3001 | D:4      | Killed Robin
  3753 | D:5      | Entered Level 5 of the Dungeon
  3825 | D:5      | Reached skill level 6 in Ice Magic
  3825 | D:5      | Reached XP level 7. HP: 42/45 MP: 5/12
  4168 | D:5      | Learned a level 4 spell: Throw Icicle
  4561 | D:5      | Found Sunaekk's Assorted Antiques.
  4561 | D:5      | Noticed Grinder
  4586 | D:5      | Paralysed by Grinder for 2 turns
  4615 | D:5      | Killed Grinder
  4615 | D:5      | Reached skill level 7 in Ice Magic
  4615 | D:5      | Reached XP level 8. HP: 18/52 MP: 3/14
  4828 | D:5      | Bought a green potion for 26 gold pieces
  4828 | D:5      | Bought a worn copper wand for 116 gold pieces
  4901 | D:5      | Found a staircase to the Ecumenical Temple.
  4910 | Temple   | Entered the Ecumenical Temple
  5126 | Temple   | Became a worshipper of Sif Muna the Loreminder
  5673 | D:6      | HP: 2/52 [white imp/puff of frost (14)]
  5676 | D:5      | Slain by a leopard gecko

Vault maps used:
D:1:      dpeg_arrival_ratfight
D:2:      gammafunk_temple_overflow_claw, grunt_dithmenos_smoke,
          trog_three_pillars_becter, uniq_jessica
D:3:      dancing_weapons_uskayaw, kennysheep_slug_shrine
D:4:      uniq_robin
D:5:      minmay_temple_entry_steel_oval, serial_shops, shop, first_bread,
          uniq_grinder
D:6:      lemuel_zombie_altar_yredelemnul, grunt_gozag_statues,
          uniq_blork_the_orc, uniq_crazy_yiuf_cottage
Temple:   nicolae_temple_figure_eight

Skill      XL: |  1  2  3  4  5  6  7  8 |
---------------+-------------------------+-----
Ice Magic      | 4 5 6 7 |  7.4
Fighting       | 1 2 3 |  3.2
Spellcasting   | 3 4 |  4.7
Conjurations   | 2 3 4 |  4.3
Charms         | 1 2 3 |  3.1
Summonings     | 1 2 |  2.8
Dodging        | |  2.1
Stealth        | |  1.2
Invocations    | |  0.7

Action                   |  1- 3 |  4- 6 |  7- 9 || total
-------------------------+-------+-------+-------++-------
Melee: Whip              |       |       |    50 ||    50
Throw: Dart              |       |     1 |       ||     1
 Cast: Freeze            |    37 |    93 |    32 ||   162
       Throw Frost       |     8 |    55 |    58 ||   121
       Ozocubu's Armour  |       |     1 |     3 ||     4
       Throw Icicle      |       |       |    13 ||    13
       Summon Ice Beast  |       |       |     5 ||     5
  Use: Scroll            |     6 |     5 |     2 ||    13
       Potion            |       |       |     1 ||     1
 Stab: Distracted        |       |       |     1 ||     1
  Eat: Chunk             |     1 |     9 |     2 ||    12
       Fruit             |       |       |     2 ||     2
Armor: Skin              |     5 |    22 |    38 ||    65
Dodge: Dodged            |    16 |    50 |    78 ||   144
Block: Other             |    11 |    17 |    32 ||    60

Table legend:
 A = Spawn XP
 B = Non-spawn XP
 C = Spawn XP percentage of total XP
 D = Spawn monster count
 E = Non-spawn monster count
 F = Spawn count percentage of total count
 G = Total turns spent on level
                    A         B        C        D         E        F      G
               +---------+---------+-------+---------+---------+-------+---------
         Total |     172 |    1491 |  10.3 |      16 |     111 |  12.6 |  5676
               +---------+---------+-------+---------+---------+-------+---------
           D:1 |       5 |      30 |  14.3 |       3 |      18 |  14.3 |  1051
           D:2 |      13 |     101 |  11.4 |       1 |      22 |   4.3 |   978
           D:3 |     106 |      86 |  55.2 |      10 |      20 |  33.3 |   859
           D:4 |       3 |     158 |   1.9 |       1 |      22 |   4.3 |   865
           D:5 |      45 |    1056 |   4.1 |       1 |      24 |   4.0 |  1672
           D:6 |       0 |      60 |   0.0 |       0 |       5 |   0.0 |    14
               +---------+---------+-------+---------+---------+-------+---------
